[Event "Early-Titled-Tuesday-Blitz-November-28-2023"]
[Site "Chess.com"]
[Date "2023.11.28"]
[Round "11"]
[White "BarloNadera"]
[Black "LimeInTheCoconut"]
[Result "0-1"]
[WhiteElo "2167"]
[BlackElo "2396"]
[TimeControl "180+1"]
[EndTime "10:11:09 PST"]
[Termination "LimeInTheCoconut won on time"]

1. d4 g6 2. c4 Bg7 3. Nc3 d6 4. e4 Nc6 5. d5 Nd4 6. Be3 e5 7. Nge2 Nxe2 8. Bxe2 f5 9. f3 Bh6 10. Qd2 Bxe3 11. Qxe3 Nf6 12. g3 O-O 13. O-O-O b6 14.
Rdg1 Bd7 15. g4 f4 16. Qf2 Ne8 17. h4 h6 18. g5 h5 19. Bf1 a6 20. a3 c5 21. Bh3 Bxh3 22. Rxh3 b5 23. Qf1 bxc4 24.
Qxc4 Nc7 25. Rh2 Rb8 26. a4 Rb4 27. Qa2 Qb8 28. Rd1 Qb6 29. Rc2 Rb8 30. Qa3 Qa5 31.
Qa2 Na8 32. Kd2 Nb6 33. Ke2 Nc4 34. Rb1 Rb3 35. Kf2 Qb4 36. Nd1 Nd2 37. Rbc1 Nxf3 0-1

[Event "Early-Titled-Tuesday-Blitz-November-28-2023"]
[Site "Chess.com"]
[Date "2023.11.28"]
[Round "11"]
[White "RamonManon0g"]
[Black "Aslanov_Umid"]
[Result "0-1"]
[WhiteElo "2367"]
[BlackElo "2536"]
[TimeControl "180+1"]
[EndTime "10:11:11 PST"]
[Termination "Aslanov_Umid won on time"]

1. e4 c5 2. Nf3 d6 3. Bb5+ Bd7 4. Bxd7+ Qxd7 5. c4 e5 6. Nc3 Nc6 7. d3 Nge7 8. O-O g6 9. Bg5 Bg7 10. Qd2 O-O 11. Bh6 Nd4 12. Nxd4 cxd4 13. Ne2 f5 14. Bxg7 Kxg7 15. f4 Rac8 16. Rac1 b5 17. Qb4 Rc5 18. fxe5 Nc6 19. Qa3 bxc4 20. exf5 Rxf5 21.
Rxf5 Qxf5 22. exd6 cxd3 23. Rxc5 Qe4 24. Rxc6 dxe2 25. Rc7+ Kh8 26. Rc8+ Kg7 27. Rc7+ Kf6 28. Qf3+ Qxf3 29. gxf3 e1=Q+ 30. Kg2 Qe2+ 31. Kg3 Qe5+ 32. f4 Qxd6 33. Rxa7 d3 0-1

[Event "Early-Titled-Tuesday-Blitz-November-28-2023"]
[Site "Chess.com"]
[Date "2023.11.28"]
[Round "11"]
[White "VladimirBugayev"]
[Black "C_K_G"]
[Result "0-1"]
[WhiteElo "2316"]
[BlackElo "2192"]
[TimeControl "180+1"]
[EndTime "10:11:12 PST"]
[Termination "C_K_G won by checkmate"]

1. e4 c5 2. Nc3 e6 3. f4 d5 4. Nf3 d4 5. Nb1 Nc6 6. d3 Nf6 7. b3 Qc7 8. g3 Be7 9. Bg2 O-O 10. O-O b5 11. a4 b4 12. Nbd2 Bb7 13. Nc4 Rad8 14. h3 Ba6 15. Ncd2 h5 16. Qe1 Nd7 17.
e5 Nb6 18. Ne4 Nd5 19. Bd2 f6 20. exf6 Nxf6 21. Nxf6+ Rxf6 22. Ng5 Bc8 23. Ne4 Rg6 24. h4 Bb7 25. Ng5 Bxg5 26. hxg5 Ne7 27. Be4 Nf5 28. Kh2 Kf7 29. Qe2 Rh8 30. Rae1 h4 31. g4 Bxe4 32. Qxe4 Ng3 33. Qf3 Nxf1+ 34. Rxf1 Rxg5 35. Kh3 Rd5 36. Re1 Qd6 37. Re4 g6 38.
Be1 Qe7 39. f5 gxf5 40. gxf5 Rxf5 41. Rf4 Qf6 42. Qb7+ Qe7 43. Qf3 Rxf4 44. Qxf4+ Qf6 45. Qc7+ Kg6 46. Qxc5 Qf3+ 47. Kh2 Qe2+ 48. Kh3 Qxe1 49.
Kg4 Qg3# 0-1

[Event "Early-Titled-Tuesday-Blitz-November-28-2023"]
[Site "Chess.com"]
[Date "2023.11.28"]
[Round "11"]
[White "dianamirza"]
[Black "Andrii_Prydun"]
[Result "0-1"]
[WhiteElo "2024"]
[BlackElo "2384"]
[TimeControl "180+1"]
[EndTime "10:11:15 PST"]
[Termination "Andrii_Prydun won on time"]

1. d4 Nf6 2. Nf3 d5 3. e3 e6 4.
Bd3 Be7 5. b3 O-O 6. Bb2 a6 7.
Nbd2 b5 8. Ne5 Nfd7 9. f4 f5 10.
Ndf3 Bb7 11. O-O Nxe5 12. dxe5 Nd7 13. Nd4 Nc5 14. Qh5 Qe8 15. Qh3 Qg6 16. Rf3 Rae8 17. Rg3 Qf7 18. Be2 Ne4 19. Rf3 c5 20. Bxb5 cxd4 21.
Bxe8 Qxe8 22. exd4 Qb5 23. Rd3 a5 24. Rb1 Ba6 25.
Rd2 Qc6 26. Qe3 Nxd2 27. Qxd2 Rc8 28. c3 a4 29. Rf1 axb3 30. axb3 Qb5 31. Rf3 Qxb3 32.
Rg3 Rb8 33. Bc1 Qb1 34. h4 Ba3 0-1

[Event "Early-Titled-Tuesday-Blitz-November-28-2023"]
[Site "Chess.com"]
[Date "2023.11.28"]
[Round "11"]
[White "Goffredo_Fofi"]
[Black "Roman_Ovetchkin"]
[Result "0-1"]
[WhiteElo "2487"]
[BlackElo "2659"]
[TimeControl "180+1"]
[EndTime "10:11:17 PST"]
[Termination "Roman_Ovetchkin won by resignation"]

1. d4 Nf6 2. c3 d6 3. Bg5 Nbd7 4. Nd2 h6 5. Bh4 g5 6. Bg3 Nh5 7. e3 Ndf6 8. Bd3 Bg7 9. Ne2 e6 10. h4 Nxg3 11. Nxg3 g4 12. h5 Bd7 13. Qe2 Qe7 14.
O-O-O O-O-O 15. Kb1 Kb8 16. Rc1 Rhg8 17. Bb5 Bc8 18.
e4 Bh8 19. Rhe1 e5 20. d5 Rg5 21. Rh1 Ne8 22. Bd3 Ng7 23. Nc4 f5 24. exf5 Nxf5 25.
Nxf5 Rxf5 26. Bxf5 Bxf5+ 27. Ka1 Qg5 28. Ne3 Bc8 29. c4 e4 30. c5 Rf8 31. g3 Rf3 32. cxd6 cxd6 33. Rxc8+ Kxc8 34. Qc4+ Kb8 35. Rc1 Qd8 36.
Qxe4 Rxf2 37. Rc2 Rxc2 38. Nxc2 Qf6 39. Nd4 Qf1+ 0-1

[Event "Early-Titled-Tuesday-Blitz-November-28-2023"]
[Site "Chess.com"]
[Date "2023.11.28"]
[Round "11"]
[White "kunaevchess"]
[Black "AnaKuchava"]
[Result "0-1"]
[WhiteElo "2155"]
[BlackElo "2219"]
[TimeControl "180+1"]
[EndTime "10:11:18 PST"]
[Termination "AnaKuchava won by resignation"]

1. e4 c5 2. Nf3 d6 3. d4 cxd4 4. Qxd4 Nf6 5. Nc3 a6 6. Qd3 Nc6 7. Be2 g6 8. O-O Bg7 9. Nd5 O-O 10. c3 Bg4 11. h3 Bxf3 12. Qxf3 Ne5 13. Nxf6+ Bxf6 14. Qg3 Rc8 15. f4 Nc4 16. Rd1 Qb6+ 17. Kh2 Nxb2 18.
Rb1 Bxc3 19. Bxb2 Bxb2 20. Rd2 Rc1 21. Rxc1 Bxc1 22. Rc2 Be3 23. Bc4 Bg1+ 24. Kh1 Qb1 25. Qb3 Qxb3 26. Bxb3 Be3 27. g3 Bc5 28. e5 b5 29. e6 fxe6 30. Bxe6+ Kg7 31. Re2 Kf6 32. Bd5 e5 33. fxe5+ dxe5 34. Rc2 Rc8 35. Bb7 Rc7 36. Bxa6 b4 37. Kg2 e4 38. Kf1 Ke5 39. Ke2 Kd4 40. Rc4+ Kd5 41. Bb5 Rb7 42. Ba6 Rb6 43. Rc2 Rxa6 44.
Rd2+ Bd4 45. Rb2 Bxb2 0-1

[Event "Early-Titled-Tuesday-Blitz-November-28-2023"]
[Site "Chess.com"]
[Date "2023.11.28"]
[Round "11"]
[White "djano"]
[Black "inagreV"]
[Result "0-1"]
[WhiteElo "2555"]
[BlackElo "2437"]
[TimeControl "180+1"]
[EndTime "10:11:20 PST"]
[Termination "inagreV won by resignation"]

1. c4 c5 2. Nf3 g6 3. Nc3 Bg7 4. h4 h5 5. b3 Nc6 6. Bb2 Nh6 7. e3 d6 8. d4 cxd4 9. exd4 Bg4 10. d5 Nd4 11.
Be2 Nxe2 12. Qxe2 Nf5 13. Qd3 O-O 14. Ng5 Nd4 15. O-O Bf5 16. Qd2 e5 17. dxe6 fxe6 18. Ne2 Nxe2+ 19. Qxe2 Bf6 20. Bxf6 Qxf6 21. Rad1 Rad8 22.
Rfe1 Rfe8 23. Qe3 b6 24. Rd2 Kg7 25. Red1 d5 26. f3 Re7 27. Re1 Ree8 28. cxd5 exd5 29. Qxe8 Rxe8 30. Rxe8 Qc3 31. Rde2 Qd4+ 32. R2e3 Qxh4 33. R3e7+ Kh6 34. Nf7+ Kg7 35. Nd6+ Kf6 36. Rf7+ Kg5 37. Nxf5 gxf5 38. Re5 Qd4+ 39. Kh2 Qxe5+ 40. g3 Qe2+ 41. Kh3 Qf1+ 42. Kh2 Qf2+ 43. Kh3 Qf1+ 44. Kh2 Qxf3 45. Rg7+ Kf6 46. Rxa7 h4 47. gxh4 Qf4+ 48. Kh3 Qg4+ 49. Kh2 Qxh4+ 50. Kg2 Qe4+ 51. Kh2 b5 0-1

[Event "Early-Titled-Tuesday-Blitz-November-28-2023"]
[Site "Chess.com"]
[Date "2023.11.28"]
[Round "11"]
[White "ilushka"]
[Black "Sofia_Blokhin"]
[Result "1-0"]
[WhiteElo "2412"]
[BlackElo "2271"]
[TimeControl "180+1"]
[EndTime "10:11:20 PST"]
[Termination "ilushka won on time"]

1. e4 c5 2. Nf3 d6 3. Bb5+ Bd7 4.
a4 a6 5. Bxd7+ Qxd7 6. O-O e5 7. c3 Nc6 8. d4 exd4 9. cxd4 Qc7 10. Bf4 cxd4 11. Nxd4 Ne5 12. Nc3 Nf6 13. Rc1 Qd7 14.
Bg5 Be7 15. Nf5 Nxe4 16. Nxe7 Nxg5 17. Ned5 Ngf3+ 18. gxf3 Qh3 19. Re1 O-O 20. Re3 Nc4 21. Re4 Ne5 22. Re3 Nc4 23. Qf1 Qh5 24. Qxc4 Rfe8 25.
Qg4 Qh6 26. Rce1 Re5 27. Rxe5 dxe5 28. Rxe5 Rd8 29. Qg5 Qd6 30. Qe7 Qg6+ 31. Rg5 1-0

[Event "Early-Titled-Tuesday-Blitz-November-28-2023"]
[Site "Chess.com"]
[Date "2023.11.28"]
[Round "11"]
[White "SlavenPastar"]
[Black "Savagelittlemole"]
[Result "1-0"]
[WhiteElo "2634"]
[BlackElo "2480"]
[TimeControl "180+1"]
[EndTime "10:11:24 PST"]
[Termination "SlavenPastar won by resignation"]

1. b3 Nf6 2. Bb2 Nc6 3. c4 e5 4.
Nf3 d6 5. d4 exd4 6. Nxd4 Be7 7.
Nxc6 bxc6 8. g3 O-O 9. Bg2 Bd7 10.
O-O Ne8 11. Nc3 Bf6 12. Qc2 Qe7 13. Rad1 g6 14. e4 Bg7 15. f4 Nf6 16. Rfe1 Rae8 17. h3 Nh5 18. Qf2 f5 19. exf5 Bd4 20. Qxd4 Qxe1+ 21. Rxe1 Rxe1+ 22. Kf2 Rfe8 23. Ne4 Rb1 24. Qh8+ Kf7 25. Qxh7+ Kf8 26. Qh6+ Ke7 27. Qg5+ Kf8 28. Bd4 Bxf5 29. Qh6+ Ke7 30. Qg5+ Kd7 31. Nc3 Rc1 32. g4 Rc2+ 33. Kg1 Re1+ 34. Kh2 Be4 35. Nxe4 Rxe4 36. gxh5 Rxd4 37. hxg6 Rdd2 38. g7 1-0

[Event "Early-Titled-Tuesday-Blitz-November-28-2023"]
[Site "Chess.com"]
[Date "2023.11.28"]
[Round "11"]
[White "seopie"]
[Black "mishanick"]
[Result "0-1"]
[WhiteElo "2874"]
[BlackElo "3060"]
[TimeControl "180+1"]
[EndTime "10:11:26 PST"]
[Termination "mishanick won by resignation"]

1. e4 c5 2. Nf3 d6 3. Bc4 Nf6 4. d3 g6 5. O-O Bg7 6. Re1 O-O 7. h3 Nc6 8. Nbd2 b6 9. c3 Bb7 10. Bb3 e5 11. Nf1 d5 12. Ng3 Re8 13. Bg5 Na5 14.
Ba4 Re7 15. exd5 Qxd5 16. Ne4 Qe6 17. b4 Bxe4 18. dxe4 cxb4 19. cxb4 Nc4 20. Bb3 Rc8 21. b5 Rc5 22. Qe2 Qc8 23. a4 Na5 24. Ba2 h6 25. Be3 Rc2 26. Rec1 Rec7 27. Rxc2 Rxc2 28. Qd3 Rc3 29. Qd1 Nc4 30. Bxc4 Qxc4 31. Nxe5 Qxe4 32. Nf3 Rxe3 33. fxe3 Qxe3+ 34. Kh2 Ne4 35. Rc1 Qf4+ 36. Kg1 Qe3+ 37. Kh2 Bf8 38. Rc6 Qf4+ 39. Kg1 Bc5+ 40. Rxc5 Nxc5 41. Qd8+ Kg7 42. a5 Ne6 43. Qd7 Qe3+ 44.
Kh2 bxa5 45. Qe7 a4 46. Qb4 Qf4+ 0-1

[Event "Early-Titled-Tuesday-Blitz-November-28-2023"]
[Site "Chess.com"]
[Date "2023.11.28"]
[Round "11"]
[White "elmusmolamas"]
[Black "Arvids_Andrejevs"]
[Result "1-0"]
[WhiteElo "2565"]
[BlackElo "2360"]
[TimeControl "180+1"]
[EndTime "10:11:27 PST"]
[Termination "elmusmolamas won by checkmate"]

1. e4 c6 2. d4 d5 3. exd5 cxd5 4. Bf4 Nc6 5. c3 Nf6 6. Nd2 Bg4 7. Qa4 Qa5 8. Bb5 Qxa4 9. Bxa4 Bd7 10. Ngf3 a6 11.
O-O b5 12. Bc2 e6 13. Bd3 Be7 14. b4 O-O 15. Nb3 Ne8 16. Nc5 Bxc5 17. bxc5 Na5 18.
Ne5 Bc6 19. a4 bxa4 20. Nxc6 Nxc6 21. Rxa4 a5 22. Bb5 Rc8 23. Bxc6 Rxc6 24. Rxa5 f6 25. Rb1 e5 26. dxe5 fxe5 27. Bxe5 Nf6 28. Bxf6 Rcxf6 29. f3 Rc8 30. Rb7 Rf7 31. Rxf7 Kxf7 32. Kf2 Re8 33. Ra7+ Kf6 34. c6 Rc8 35. c7 Ke5 36. Ke3 Kd6 37. Kd4 Re8 38. h4 h5 39. g3 Rf8 40. f4 Re8 41.
Ra6+ Kd7 42. Kxd5 Kxc7 43. Rg6 Re7 44. c4 Kd8 45. c5 Rd7+ 46. Kc6 Rc7+ 47. Kb6 Kc8 48. c6 Rf7 49. Re6 Kd8 50. Re5 Kc8 51. Re8# 1-0

[Event "Early-Titled-Tuesday-Blitz-November-28-2023"]
[Site "Chess.com"]
[Date "2023.11.28"]
[Round "11"]
[White "crazy_m_attack"]
[Black "tantaan"]
[Result "0-1"]
[WhiteElo "2423"]
[BlackElo "2355"]
[TimeControl "180+1"]
[EndTime "10:11:27 PST"]
[Termination "tantaan won on time"]

1. e4 c5 2. Nf3 e6 3. d4 cxd4 4. Nxd4 Nf6 5. Nc3 Nc6 6. Ndb5 Bc5 7. Bf4 O-O 8. Bc7 Qe7 9. Bd6 Bxd6 10. Qxd6 Qd8 11.
Nc7 Rb8 12. Be2 b5 13. e5 Nxe5 14. Nxe6 fxe6 15. Qxb8 Nfg4 16. f3 Nc6 17. Qg3 Ne3 18.
Bd3 Nb4 19. Qf2 Qb6 20. Rc1 Bb7 21. Nd1 Nxd3+ 22. cxd3 Nxg2+ 23. Qxg2 Bxf3 24. Qg1 Qa5+ 25. Nc3 b4 26. Ne4 b3+ 27. Nd2 Qe5+ 28. Ne4 Qxb2 29. Qe3 Bxh1 30. axb3 Bg2 31. Qd2 Rf1+ 32. Ke2 Qxc1 0-1

[Event "Early-Titled-Tuesday-Blitz-November-28-2023"]
[Site "Chess.com"]
[Date "2023.11.28"]
[Round "11"]
[White "Alexsur1981"]
[Black "Aygehovit1992"]
[Result "1/2-1/2"]
[WhiteElo "2866"]
[BlackElo "2735"]
[TimeControl "180+1"]
[EndTime "10:11:29 PST"]
[Termination "Game drawn by stalemate"]

1. e4 c5 2. Nc3 Nc6 3. Bb5 Nd4 4. Nf3 a6 5. Bd3 e6 6. Nxd4 cxd4 7. Ne2 d5 8. c3 dxc3 9. dxc3 dxe4 10. Bxe4 Qxd1+ 11. Kxd1 Nf6 12. Bf3 Bc5 13. Be3 Bxe3 14. fxe3 e5 15. Ng3 Ke7 16. Kc2 Rb8 17. Rad1 Be6 18. b3 Rhc8 19. Kb2 Rc7 20. Rd2 b5 21. Ne4 Nxe4 22. Bxe4 Rbc8 23. Rc1 f5 24. Bf3 g5 25. g3 g4 26. Be2 h5 27. Bf1 h4 28. Rdc2 hxg3 29.
hxg3 Rh8 30. c4 bxc4 31. Bxc4 Bxc4 32. bxc4 Rh3 33. Rg1 Kd6 34. Rd2+ Kc6 35. Rd5 Re7 36. Rg2 Re6 37. a4 Rh1 38. Rf2 Rg1 39. Rxf5 Rxg3 40. Rdxe5 Rxe3 41. Rxe6+ Rxe6 42. Rg5 Re2+ 43. Kc3 Rg2 44.
Kd4 Rd2+ 45. Kc3 Rg2 46. Kb4 g3 47. Rg6+ Kb7 48. Kc5 Rg1 49. Rg7+ Kc8 50. Kc6 Kd8 51. Kb6 g2 52. Kxa6 Kc8 53. a5 Rc1 54. Rxg2 Rxc4 55.
Rg8+ Kc7 56. Ka7 Ra4 57. Rg5 Ra1 58. a6 Rb1 59. Rc5+ Kd7 60. Rc3 Rb2 61. Ka8 Rb1 62.
a7 Rb2 63. Rh3 Kc7 64. Rh7+ Kc8 65. Rh8+ Kc7 66. Rb8 Ra2 67. Rb7+ Kc8 68. Rb8+ Kc7 69. Rb7+ Kc8 70. Rc7+ Kxc7 1/2-1/2

[Event "Early-Titled-Tuesday-Blitz-November-28-2023"]
[Site "Chess.com"]
[Date "2023.11.28"]
[Round "11"]
[White "InitiatingASC"]
[Black "NovoselovRoman"]
[Result "0-1"]
[WhiteElo "2352"]
[BlackElo "2551"]
[TimeControl "180+1"]
[EndTime "10:11:29 PST"]
[Termination "NovoselovRoman won by checkmate"]

1. d4 d5 2. c4 e6 3. Nc3 Nf6 4.
cxd5 exd5 5. Bg5 c6 6. e3 Bd6 7.
Bd3 Nbd7 8. Nge2 O-O 9. Ng3 h6 10. Nf5 Bc7 11. Nxh6+ gxh6 12. Bxh6 Re8 13. g4 Nf8 14. g5 Ne4 15. Bxf8 Kxf8 16. Bxe4 dxe4 17. Qh5 Ba5 18. Qh8+ Ke7 19. Qf6+ Kd7 20. Qxf7+ Re7 21. Qf5+ Re6 22. h4 Bxc3+ 23. bxc3 Kc7 24. h5 Bd7 25. g6 Qg8 26. Qf4+ Rd6 27. h6 Qxg6 28. h7 Rh8 29. c4 Kc8 30. O-O-O Rf6 31. Qe5 Rff8 32. Rdg1 Qf7 33. d5 Rxh7 34. Rxh7 Qxh7 35. Rg7 Qh1+ 36. Kb2 Rxf2+ 37. Kb3 Qb1+ 38. Ka4 Rxa2# 0-1

[Event "Early-Titled-Tuesday-Blitz-November-28-2023"]
[Site "Chess.com"]
[Date "2023.11.28"]
[Round "11"]
[White "PabloZarnicki"]
[Black "GMthekingindian"]
[Result "1-0"]
[WhiteElo "2544"]
[BlackElo "2336"]
[TimeControl "180+1"]
[EndTime "10:11:30 PST"]
[Termination "PabloZarnicki won by checkmate"]

1. e4 c5 2. Nf3 d6 3. c3 Nf6 4. Be2 g6 5. O-O Bg7 6. d3 O-O 7. Re1 Nc6 8. h3 e5 9. Bf1 Re8 10. Nbd2 d5 11. exd5 Nxd5 12. Nc4 b5 13. Ne3 Bb7 14. a4 a6 15. Qb3 Na5 16. Qc2 b4 17. Ng4 Qc7 18. c4 b3 19. Qd1 Nb4 20. Bg5 Qd6 21.
Rc1 f5 22. Nh6+ Kf8 23. g3 Nc2 24. Bg2 Nxe1 25. Qxe1 Nc6 26. Nh4 Rab8 27. Bd5 Nd4 28. Nf7 Qd7 29. f4 Bxd5 30. Nxe5 Bxe5 31. fxe5 Bc6 32.
Bf6 Nf3+ 33. Nxf3 Bxf3 34. Qe3 Qc6 35. Qh6+ Kf7 36. Kf2 Rg8 37. Qxh7+ Ke6 38. Qe7# 1-0

[Event "Early-Titled-Tuesday-Blitz-November-28-2023"]
[Site "Chess.com"]
[Date "2023.11.28"]
[Round "11"]
[White "FMStan15"]
[Black "LileKoridze"]
[Result "0-1"]
[WhiteElo "2087"]
[BlackElo "2384"]
[TimeControl "180+1"]
[EndTime "10:11:31 PST"]
[Termination "LileKoridze won on time"]

1. e4 c5 2. c3 Nf6 3. e5 Nd5 4. d4 cxd4 5. Nf3 e6 6. cxd4 Nc6 7.
a3 d6 8. Bd3 Qc7 9. O-O a6 10.
Qe2 Be7 11. Bd2 O-O 12. Nc3 Nxc3 13. Bxc3 f5 14. exf6 Bxf6 15. Qe4 g6 16. d5 Ne7 17. dxe6 Bxc3 18. bxc3 Qxc3 19. Qd4 Qxd4 20. Nxd4 Rf4 21. Nf3 h6 22. Rfe1 Rf6 23. Nd4 b5 24. Be4 Rb8 25.
Bf3 d5 26. Re5 Rb6 27. Bxd5 Nxd5 28. Rxd5 Bxe6 29. Nxe6 Rfxe6 30. h3 Rbc6 31. Rad1 Kf7 32. Rd7+ Kf6 33. R1d3 Re1+ 34. Kh2 Re2 35. Rf3+ Ke6 36. Rg7 Kd5 37. Rg3 g5 38. Rf3 Kc4 39. Rd7 b4 40.
axb4 Kxb4 41. Rd4+ Kb5 42. Rb3+ Kc5 43. Rc3+ Kb6 44.
Rb4+ Kc7 45. Rf3 a5 46. Rf7+ Kc8 47. Rd4 Rcc2 48. Rdd7 Rxf2 49. Rxf2 Rxf2 50. Ra7 Rf5 51. Kg3 Kb8 52. Ra6 h5 53. h4 Kb7 0-1

[Event "Early-Titled-Tuesday-Blitz-November-28-2023"]
[Site "Chess.com"]
[Date "2023.11.28"]
[Round "11"]
[White "wonderfultime"]
[Black "K_A_S_T_O_R"]
[Result "0-1"]
[WhiteElo "3071"]
[BlackElo "2892"]
[TimeControl "180+1"]
[EndTime "10:11:32 PST"]
[Termination "K_A_S_T_O_R won by resignation"]

1. d4 Nf6 2. c4 e6 3. Nc3 Bb4 4.
e3 O-O 5. Bd2 b6 6. a3 Bxc3 7.
Bxc3 Bb7 8. f3 d5 9. Rc1 c5 10. dxc5 bxc5 11. Bd3 Nbd7 12. Ne2 a5 13. O-O a4 14.
cxd5 exd5 15. Ng3 Qb6 16. Nf5 Rfe8 17. Kh1 Ne5 18. Bc2 Bc8 19. Re1 Bxf5 20. Bxf5 Nc4 21. Bxf6 Qxf6 22. Qxd5 Nxb2 23. Be4 c4 24. Red1 Rad8 25.
Qb5 Nxd1 26. Qxc4 Nf2+ 27. Kg1 Nxe4 28. fxe4 Rd2 29. Rf1 Qg6 30. g3 h6 31. Rf5 Red8 32. Qxa4 Rb2 33. Rf2 Rxf2 34. Kxf2 Qf6+ 35. Ke2 Qb2+ 36. Kf3 Qe5 37. Qb4 Rb8 38. Qc4 Qf6+ 39. Ke2 Rb2+ 40. Kd3 Qf1+ 0-1

[Event "Early-Titled-Tuesday-Blitz-November-28-2023"]
[Site "Chess.com"]
[Date "2023.11.28"]
[Round "11"]
[White "Maxfan2008"]
[Black "Laico"]
[Result "1-0"]
[WhiteElo "2538"]
[BlackElo "2346"]
[TimeControl "180+1"]
[EndTime "10:11:32 PST"]
[Termination "Maxfan2008 won by resignation"]

1. d4 e6 2. c4 f5 3. Nf3 b6 4. g3 Bb7 5. Bg2 Nf6 6. O-O Be7 7. Nc3 Ne4 8. d5 Nxc3 9. bxc3 O-O 10. Nd4 Qc8 11. Qb3 Na6 12. dxe6 Bxg2 13. c5 Nxc5 14. exd7+ Nxb3 15. dxc8=Q Raxc8 16. axb3 Bxf1 17. Kxf1 a5 18. Nc6 Bd6 19. Be3 Rce8 20. b4 axb4 21.
cxb4 f4 22. Bxf4 Bxf4 23. gxf4 Rxf4 24. Ra7 Rf7 25. e3 g5 26. Kg2 Kg7 27. h3 Re6 28. Nd8 Ree7 29. Nxf7 Kxf7 30. Kf3 h5 31. Ra8 Kg7 32. Rc8 Rf7+ 33. Ke4 Kg6 34. f4 Re7+ 35. Kf3 gxf4 36. exf4 Kf6 37. h4 Ke6 38. Rh8 Kd5 39.
Rxh5+ Kc4 40. b5 Rd7 41. Kg4 Rd1 42. Re5 Rg1+ 43. Kf5 Rg8 44. h5 1-0

[Event "Early-Titled-Tuesday-Blitz-November-28-2023"]
[Site "Chess.com"]
[Date "2023.11.28"]
[Round "11"]
[White "Nitzan_Steinberg"]
[Black "Gabix_94"]
[Result "1/2-1/2"]
[WhiteElo "2889"]
[BlackElo "2761"]
[TimeControl "180+1"]
[EndTime "10:11:34 PST"]
[Termination "Game drawn - insufficient material"]

1. c4 Nf6 2. Nf3 g6 3. g3 Bg7 4. Bg2 O-O 5. O-O d6 6. d4 c6 7. b3 Qa5 8. Bb2 Qh5 9. Nbd2 Bh3 10. e4 Bxg2 11. Kxg2 Nbd7 12. h3 Qa5 13. Re1 e5 14.
Qc2 Rfe8 15. Rad1 Rad8 16. Bc3 Qc7 17. Qb2 exd4 18. Bxd4 Ne5 19. Qc2 a5 20. Bc3 Nfd7 21. Nd4 Nc5 22. Nf1 Qe7 23. f4 Ned7 24. Nd2 Ra8 25.
N4f3 Bxc3 26. Qxc3 Qf8 27. Re3 Qg7 28. Qc2 Re7 29.
Rde1 Rae8 30. Kf2 h6 31. Nb1 Nf6 32. Nc3 g5 33. e5 Nh5 34. exd6 Rxe3 35. Rxe3 Rxe3 36.
Kxe3 Nxg3 37. fxg5 hxg5 38. Ne2 Nge4 39. Qd1 Qf6 40.
d7 Nd6 41. Ng3 Nxd7 42. Qd4 Qe7+ 43. Kf2 f6 44. a3 b6 45. b4 axb4 46. axb4 c5 47.
Qd5+ Kg7 48. Qxd6 Qxd6 49. Nf5+ Kg6 50. Nxd6 cxb4 51. Nd4 Ne5 52. Ke3 f5 53. N4xf5 b3 54. Kd2 b2 55. Kc2 Nxc4 56. Nxc4 Kxf5 57. Kxb2 Kf4 58. Nxb6 Kg3 59. Kc3 g4 60. hxg4 Kxg4 1/2-1/2

[Event "Early-Titled-Tuesday-Blitz-November-28-2023"]
[Site "Chess.com"]
[Date "2023.11.28"]
[Round "11"]
[White "Kotofeyca"]
[Black "sergeikim"]
[Result "0-1"]
[WhiteElo "2439"]
[BlackElo "2580"]
[TimeControl "180+1"]
[EndTime "10:11:36 PST"]
[Termination "sergeikim won on time"]

1. d4 Nf6 2. c4 g6 3. f3 d6 4. e4 Bg7 5. Nc3 O-O 6. Be3 Nc6 7.
Nge2 a6 8. a3 e5 9. d5 Ne7 10. Qd2 c5 11. dxc6 bxc6 12. O-O-O Be6 13. Qxd6 Qxd6 14. Rxd6 Bxc4 15. Ng3 Be6 16. Be2 Ne8 17. Rd2 Nc7 18. Rhd1 Nb5 19. Nxb5 axb5 20. Bc5 Rfe8 21. Kb1 Bf8 22. Nf1 Nc8 23. Bxf8 Kxf8 24. Rc1 Ne7 25. Ne3 Red8 26. Rcd1 Rxd2 27. Rxd2 h5 28. h4 Rc8 29. b4 Ng8 30. Kb2 Ke7 31. Nd1 f5 32. Nc3 Nf6 33.
Bd3 f4 34. Bc2 Nd7 35. a4 Nb6 36. Bb3 Bxb3 37. Kxb3 Nc4 38. Rd3 Nd6 39. axb5 cxb5 40. Rd5 Ke6 41. Nxb5 Nc4 42. Na7 Rc7 43. Nb5 Rc8 44. Rc5 Rxc5 45. bxc5 Ne3 46. c6 Nxg2 47. Kc4 Nxh4 48. Kc5 Nxf3 49. Na7 Ng5 50. c7 Nxe4+ 51.
Kc6 Nd6 52. Nb5 Nc8 53. Kb7 Kd7 0-1

[Event "Early-Titled-Tuesday-Blitz-November-28-2023"]
[Site "Chess.com"]
[Date "2023.11.28"]
[Round "11"]
[White "mbachez"]
[Black "VitaliyChayka"]
[Result "1-0"]
[WhiteElo "2570"]
[BlackElo "2431"]
[TimeControl "180+1"]
[EndTime "10:11:37 PST"]
[Termination "mbachez won on time"]

1. e4 d6 2. d4 Nf6 3. Nc3 e5 4. Nf3 Nbd7 5. Bc4 Be7 6. a4 O-O 7. O-O a5 8. Re1 c6 9. h3 exd4 10. Nxd4 Nc5 11. Ba2 Be6 12. Nxe6 fxe6 13. Be3 d5 14. e5 Nfe4 15. Ne2 Bg5 16. f4 Bh4 17. Rf1 Qe7 18. Nd4 Bg3 19. Qg4 Qf7 20. Ne2 h5 21.
Qf3 Bh4 22. Bb1 b5 23. axb5 cxb5 24. c3 Be7 25. Nd4 b4 26. f5 bxc3 27. bxc3 exf5 28.
Nxf5 Nxc3 29. Bc2 N3e4 30. Qf4 Qe6 31. Bd4 Bg5 32. Qf3 Nd2 33. Qxh5 Nxf1 34. Qxg5 Rxf5 35. Bxf5 1-0

[Event "Early-Titled-Tuesday-Blitz-November-28-2023"]
[Site "Chess.com"]
[Date "2023.11.28"]
[Round "11"]
[White "jcibarra"]
[Black "Gabrielian_Artur"]
[Result "1-0"]
[WhiteElo "2904"]
[BlackElo "2723"]
[TimeControl "180+1"]
[EndTime "10:11:38 PST"]
[Termination "jcibarra won by resignation"]

1. e4 c5 2. Nf3 d6 3. c3 Nf6 4.
h3 g6 5. Bd3 Bg7 6. Bc2 O-O 7.
d4 cxd4 8. cxd4 Nc6 9. O-O Nb4 10. Bb3 a5 11. Nc3 b5 12. a3 Na6 13. e5 dxe5 14.
dxe5 Qxd1 15. Rxd1 Nd7 16. e6 Ndc5 17. exf7+ Kh8 18.
Bd5 Bb7 19. Bxb7 Nxb7 20. Nxb5 Nac5 21. Rb1 a4 22. Be3 Rxf7 23. Bd4 Bxd4 24. Rxd4 Nb3 25.
Rb4 N7c5 26. Nc3 Ra6 27. Rd1 h6 28. Ne5 Rf5 29. Nd7 Kg7 30. Nxc5 Nxc5 31. Rdd4 e5 32.
Rdc4 Nd3 33. Rb7+ Rf7 34. Rxf7+ Kxf7 35. Nxa4 Rd6 36. b4 Nf4 37. b5 Rd1+ 38. Kh2 Rd2 39.
b6 Rd7 40. Nc5 Rd8 41. b7 1-0

[Event "Early-Titled-Tuesday-Blitz-November-28-2023"]
[Site "Chess.com"]
[Date "2023.11.28"]
[Round "11"]
[White "Kildepiotr"]
[Black "Cheer_Down"]
[Result "1/2-1/2"]
[WhiteElo "2683"]
[BlackElo "2508"]
[TimeControl "180+1"]
[EndTime "10:11:38 PST"]
[Termination "Game drawn by stalemate"]

1. Nf3 d5 2. g3 Nf6 3. Bg2 e6 4. O-O Be7 5. d3 O-O 6. Nbd2 c5 7. e4 Nc6 8. Re1 b5 9. e5 Nd7 10. Nf1 Qc7 11. Bf4 Bb7 12. h4 Rfc8 13. h5 h6 14. g4 Qd8 15. Qd2 a5 16. Ng3 Ra6 17. g5 hxg5 18. Nxg5 Ncxe5 19. h6 gxh6 20. Nh3 Ng6 21.
Bxh6 c4 22. d4 c3 23. bxc3 Rac6 24. Nf4 Ndf8 25. Nfe2 b4 26. Rab1 Nh7 27. a3 Ba6 28. axb4 axb4 29. Qe3 Bxe2 30. Nxe2 bxc3 31. Rb7 Bg5 32.
Qh3 Bxh6 33. Qxh6 Qg5 34. Qxg5 Nxg5 35. Ra1 R6c7 36. Rb3 Nh4 37. Raa3 Nhf3+ 38. Kh1 Nd2 39. Rxc3 Nde4 40. Rxc7 Rxc7 41. Bxe4 Nxe4 42. f3 Rxc2 43.
fxe4 Rxe2 44. exd5 exd5 45. Ra5 Kg7 46. Rxd5 Kg6 47.
Kg1 f5 48. Kf1 Rd2 49. Ke1 Ra2 50. Re5 Kf6 51. Re8 Ra4 52. d5 Re4+ 53. Rxe4 fxe4 54. Ke2 Ke5 55. d6 Kxd6 56. Ke3 Kd5 57. Ke2 Kd4 58. Kd2 Ke5 59. Ke3 Kf5 60. Ke2 Kf4 61. Kf2 e3+ 62.
Ke2 Ke4 63. Ke1 Kd4 64. Ke2 Ke4 65. Ke1 Kf3 66. Kf1 e2+ 67. Ke1 Ke3 1/2-1/2

[Event "Early-Titled-Tuesday-Blitz-November-28-2023"]
[Site "Chess.com"]
[Date "2023.11.28"]
[Round "11"]
[White "snowlord"]
[Black "IM_ArthurDW08"]
[Result "1-0"]
[WhiteElo "2888"]
[BlackElo "2812"]
[TimeControl "180+1"]
[EndTime "10:11:40 PST"]
[Termination "snowlord won by checkmate"]

1. e4 c5 2. Nf3 d6 3. c3 Nf6 4. Qc2 Nc6 5. d4 cxd4 6. cxd4 Bg4 7. d5 Bxf3 8. gxf3 Ne5 9. f4 Nf3+ 10. Kd1 e5 11. dxe6 fxe6 12. Qb3 Nd4 13. Qxb7 Rb8 14. Qxa7 e5 15. Qa4+ Nd7 16. Bh3 Rb7 17. Nc3 Be7 18. Qa6 Rb8 19. Qa7 Nc5 20. Nd5 Nxe4 21. Be3 Rxb2 22.
Rc1 O-O 23. Rc8 Qxc8 24. Nxe7+ Kh8 25. Bxc8 Rb1+ 26. Bc1 Nxf2+ 27. Kd2 Nxh1 28. fxe5 dxe5 29. Ba3 Ra1 30. Bb4 Nb3+ 31. Kc3 Nd4 32. Ng6+ hxg6 33.
Bxf8 Rc1+ 34. Kd3 Rd1+ 35. Kc4 Rc1+ 36. Kd5 Nf5 37. Bxf5 gxf5 38. Qxg7# 1-0